 Dungeon Crawl Stone Soup version 0.17.1-3-g152610e (webtiles) character file.

31 Gargoyl the Skirmisher (level 3, 0/29 HPs)
             Began as a Demonspawn Abyssal Knight on Mar 20, 2016.
             Was a Believer of Lugonu.
             Slain by a goblin (1 damage)
             ... led by Robin
             ... on level 2 of the Dungeon.
             The game lasted 00:03:50 (1712 turns).

Gargoyl the Skirmisher (Demonspawn Abyssal Knight)  Turns: 1712, Time: 00:03:50

Health: 0/29       AC:  3    Str: 18    XL:     3   Next: 7%
Magic:  5/5        EV: 11    Int: 18    God:    Lugonu [**....]
Gold:   65         SH:  0    Dex: 12    Spells: 0 memorised, 2 levels left

rFire  . . .     SeeInvis .     a - +1 hand axe
rCold  . . .     Clarity  .     b - +0 leather armour
rNeg   + . .     SustAt   .     (no shield)
rPois  .         Gourm    .     (no helmet)
rElec  .         Spirit   .     (no cloak)
rCorr  .         Warding  +     (no gloves)
rMut   .         Stasis   .     (no boots)
MR     .....                    l - amulet of warding
Stlth  +.........               (no ring)
                                (no ring)

@: mighty, brilliant, very slightly contaminated, invisible, not resistant to
hostile enchantments, very unstealthy
A: hooves 1
a: Depart the Abyss, Bend Space, Renounce Religion


You were on level 2 of the Dungeon.
You worshipped Lugonu.
Lugonu was pleased with you.
You were hungry.

You visited 1 branch of the dungeon, and saw 2 of its levels.
You visited the Abyss 1 time.

You collected 65 gold pieces.

Inventory:

Hand Weapons
 a - a +1 hand axe (weapon)
Armour
 b - a +0 leather armour (worn)
Jewellery
 l - an amulet of warding (around neck)
Scrolls
 h - a scroll of magic mapping {unknown}
 i - a scroll of amnesia {unknown}
 k - a scroll of noise {unknown}
 m - a scroll of teleportation {unknown}
Potions
 e - a potion of agility {unknown}
Comestibles
 c - 2 bread rations
 f - a meat ration
 j - a beef jerky


   Skills:
 + Level 3.4 Fighting
 + Level 1.9 Axes
 + Level 2.0 Armour
 + Level 1.4 Dodging
 + Level 3.0 Invocations


You had 2 spell levels left.
You didn't know any spells.

Dungeon Overview and Level Annotations

Branches:
Dungeon (2/15)

Altars:

Annotations:
D:2 Ijyb, Robin


Innate Abilities, Weirdness & Mutations

You have large cloven feet.


Message History

Drink which item? (? for menu, Esc to quit)
It was a potion of invisibility.
You fade into invisibility!
The goblin shoots a stone.
The stone barely misses the goblin.
The stone barely misses you.
The stone hits the goblin.
The goblin hits you with a club.
* * * LOW HITPOINT WARNING * * *
The goblin closely misses you. The goblin barely misses you.
You are very lightly contaminated with residual magic.
Drink which item? (? for menu, Esc to quit)
It was a potion of might.
You feel very mighty all of a sudden.
The goblin shoots a stone.
The stone barely misses the goblin.
The stone barely misses you.
The stone closely misses the goblin.
The goblin closely misses you. The goblin barely misses you.
Drink which item? (? for menu, Esc to quit)
It was a potion of brilliance.
You feel clever all of a sudden. The goblin hits you.
You die...

###...### ... #.......#
.. #.......# #.#
#.......# ..##
###....#.. ..#
##......##. .g# #.#
#..##....^.
....g###!#####.....####.
....ggg@g.(.(...........
###.g###g..#..#.#######.
#..#####(.....# #.
........###.## #.
...#.<.......# ##
...........#.###
....<......[........
..####...##...###### .
#.....##...$.


You could see Ijyb (wandering), Robin and 6 goblins.

Vanquished Creatures
  A giant gecko (D:1)
  2 giant cockroaches (D:1)
  3 goblins
  5 hobgoblins
  A ball python (D:1)
  5 bats (D:1)
  2 jackals (D:2)
  4 kobolds (D:1)
  7 rats
30 creatures vanquished.

Notes
Turn   | Place    | Note
--------------------------------------------------------------
     0 | Abyss:1  | Gargoyl the Demonspawn Abyssal Knight began the quest for the Orb.
     0 | Abyss:1  | Reached XP level 1. HP: 18/18 MP: 2/2
    61 | Abyss:1  | Noticed a small abomination
    85 | Abyss:1  | Noticed a smoke demon
    99 | Abyss:1  | Noticed an ancient zyme
   102 | D:1      | Escaped the Abyss
   493 | D:1      | Reached * piety under Lugonu
   893 | D:1      | Gained mutation: You have large cloven feet. [demonic ancestry]
   893 | D:1      | Reached XP level 2. HP: 18/24 MP: 4/4
   988 | D:1      | Reached skill level 1 in Dodging
  1501 | D:2      | Reached XP level 3. HP: 20/29 MP: 5/5
  1703 | D:2      | Noticed Robin
  1707 | D:2      | Reached ** piety under Lugonu
  1710 | D:2      | Noticed Ijyb
  1710 | D:2      | HP: 1/29 [goblin/club[Robin] (4)]
  1712 | D:2      | Slain by a goblin

Action                   || total
-------------------------++-------
Melee: Hand axe          ||    92
Invok: Depart the Abyss  ||     1
  Use: Potion            ||     3
  Eat: Chunk             ||     2
